AoeStats
← курди рс

Oasis

509443922Analyzed
4v4 RM · 4d ago on Sep 26, 2026· 17m 46s· 8 players
Game mode
Random Map
Map size
Large (8 player)
Population
200
Speed
Normal
Resources
Standard
Victory
Conquest
Starting age
Dark Age
Ending age
Imperial Age
RankedLock teamsTeams togetherTeam positionsShared explorationLock speedFull tech treeHidden civsTurbo modeCheats
Victory
Defeat
🇨🇳 Mongols · China
1021
+15
1001
+16
🇩🇪 Wei · Germany
974
+17
🇷🇺 Burmese · Russia
966
+17
🇨🇭 Danes · Switzerland
1005
-16
🇦🇺 Huns · Australia
1002
-17
🇫🇷 Saxons · France
995
-16
🇲🇽 Byzantines · Mexico
993
-16
panadero democratico
0:31 Loom
13:58 Feudal Age
18:30 Castle Age
17:22 Horse Collar
17:30 Double-Bit Axe
Anne d'autriche
12:36 Feudal Age
10:51 Loom
13:14 Double-Bit Axe
13:41 Horse Collar
14:35 Gold Mining
16:11 Wheelbarrow
19:26 Castle Age
PrincessKaguya
0:34 Loom
0:46 Loom
12:54 Feudal Age
13:42 Double-Bit Axe
18:35 Castle Age
16:55 Horse Collar
17:24 Stone Mining
17:54 Gold Mining
croissant
9:25 Loom
11:33 Feudal Age
13:13 Double-Bit Axe
14:44 Horse Collar
15:35 Arson
15:46 Gold Mining
18:30 Castle Age
NPG | NUNCAPUEDOGANAR
3:59 Loom
10:29 Feudal Age
11:07 Double-Bit Axe
11:06 Horse Collar
13:09 Bloodlines
箭无虚发
11:32 Feudal Age
12:19 Double-Bit Axe
17:34 Stone Mining
Gello426205
10:43 Feudal Age
11:12 Double-Bit Axe
11:08 Horse Collar
11:20 Gold Mining
18:34 Castle Age
17:52 Forging
17:47 Scale Barding Armor
курди рс
0:27 Loom
12:20 Feudal Age
13:36 Wheelbarrow
13:20 Horse Collar
19:34 Castle Age
Connection lost

Rejoining the realm…

Still unreachable

The connection could not be restored.

Session expired

The server has moved on; the page needs a fresh start.